 Dungeon Crawl Stone Soup version 0.23.2 (webtiles) character file.

Game seed: 1534500085075119586

79 redwoodhats the Shield-Bearer (level 4, 0/35 HPs)
             Began as a Formicid Fighter on Apr 2, 2019.
             Succumbed to a worker ant's poison
             ... on level 4 of the Dungeon.
             The game lasted 00:07:31 (1265 turns).

redwoodhats the Shield-Bearer (Formicid Fighter)    Turns: 1265, Time: 00:07:32

Health: 0/35       AC:  8    Str: 25    XL:     4   Next: 64%
Magic:  4/4        EV:  8    Int:  8    God:
Gold:   123        SH: 11    Dex: 11    Spells: 3/3 levels left

rFire    . . .     SeeInvis +   a - +2 trident
rCold    . . .     Gourm    .   c - +1 shield
rNeg     . . .     Faith    .   b - +0 scale mail
rPois    .         Spirit   .   (helmet unavailable)
rElec    .         Reflect  .   (no cloak)
rCorr    .         Harm     .   (no gloves)
MR       .....                  e - +0 pair of boots
Stlth    ..........             (no amulet)
HPRegen  0.11/turn              g - ring of flight
MPRegen  0.09/turn              (no ring)

@: mighty, lethally poisoned (0 -> -6)
A: permanent stasis, dig shafts and tunnels, four strong arms, antennae 3
a: Dig, Shaft Self, Evoke Flight


You were on level 4 of the Dungeon.
You were not hungry.

You visited 1 branch of the dungeon, and saw 4 of its levels.

You collected 123 gold pieces.

Inventory:

Hand Weapons
 a - a +2 trident (weapon)
Armour
 b - a +0 scale mail (worn)
 c - a +1 shield (worn)
 e - a +0 pair of boots (worn)
Jewellery
 g - a ring of flight (left hand)
Scrolls
 h - 2 scrolls of identify
 i - a scroll of teleportation {unknown}
 j - a scroll of magic mapping
Potions
 d - a potion of might
Comestibles
 f - 4 rations


   Skills:
 + Level 3.5 Fighting
 + Level 2.9 Polearms
 + Level 4.0 Armour
 + Level 0.1 Dodging
 + Level 4.5 Shields


You had 3 spell levels left.
You didn't know any spells.
Your spell library was empty.

Dungeon Overview and Level Annotations

Branches:
Dungeon (3/15)

Altars:

Annotations:
D:4 Grinder


Innate Abilities, Weirdness & Mutations

You cannot be hasted, slowed, berserked, paralysed or teleported.
You can dig through walls and to a lower floor.
Your four strong arms can wield two-handed weapons with a shield.
You have a pair of large antennae on your head. (SInv)


Message History

The worker ant bites you but does no damage. x2
You hit the worker ant.
The worker ant is almost dead.
The worker ant bites you.
* * * LOW HITPOINT WARNING * * *
You are lethally poisoned!
The worker ant poisons you!
You closely miss the worker ant.
The worker ant is almost dead.
* * * LOW HITPOINT WARNING * * *
You feel sick.
The worker ant bites you but does no damage.
Your shield and scale mail prevent you from hitting the worker ant.
The worker ant is almost dead.
* * * LOW HITPOINT WARNING * * *
You feel sick. The worker ant barely misses you.
The worker ant bites you but does no damage.
You puncture the worker ant!
You kill the worker ant!
You die...

# <. #. .( .## . ... ...
.##+######## ...####.#
♣.....P≈P≈≈##
.....##.P♣♣♣≈≈≈♣ ≈P≈≈≈≈#
.(.#..#♣♣P≈≈≈♣♣♣♣≈≈P≈≈≈≈
..P♣..≈≈≈P≈≈≈P≈≈≈P≈≈≈≈≈≈
.≈≈≈............@.......
≈≈≈≈≈.≈≈≈≈≈≈≈≈≈≈≈PP≈≈P≈≈
≈P≈≈≈.≈≈≈≈≈≈≈≈≈≈≈≈PP≈≈≈#
≈P≈P≈.≈≈≈≈P≈≈♣♣≈PP≈≈≈≈##
≈≈≈≈≈.≈≈≈♣♣♣♣...≈P♣P♣.#
PP≈≈≈.≈≈♣♣ ...........
≈≈≈≈≈.≈≈♣ ###########
≈≈≈≈≈.≈P♣♣ ≈≈≈≈≈.≈P≈♣


There were no monsters in sight!

Vanquished Creatures
  A worker ant (D:4)
  2 adders (D:2)
  A worm (D:2)
  4 bats
  A giant cockroach (D:2)
  6 goblins (D:2)
  5 hobgoblins
  2 jackals (D:2)
  A frilled lizard (D:2)
  8 kobolds
  2 rats (D:2)
33 creatures vanquished.

Notes
Turn   | Place    | Note
-------+----------+-------------------------------------------
     0 | D:1      | redwoodhats the Formicid Fighter began the quest for the
                  | Orb.
     0 | D:1      | Reached XP level 1. HP: 18/18 MP: 1/1
   741 | D:2      | Reached XP level 2. HP: 21/24 MP: 2/2
   799 | D:2      | Reached XP level 3. HP: 20/29 MP: 3/3
   977 | D:2      | Reached XP level 4. HP: 27/35 MP: 4/4
  1222 | D:3      | You fall through a shaft!
  1223 | D:4      | Noticed Grinder
  1264 | D:4      | HP: 1/35 [poisoned by a worker ant]
  1265 | D:4      | Succumbed to a worker ant's poison

Skill      XL: |  1  2  3 |
---------------+----------+-----
Shields        | 4 |  4.5
Armour         | 4 |  4.0
Fighting       | |  3.5
Polearms       | |  2.9
Dodging        | |  0.1

Action                   |  1- 3 |  4- 6 || total
-------------------------+-------+-------++-------
Melee: Trident           |    89 |    19 ||   108
 Abil: Dig               |     1 |       ||     1
  Use: Scroll            |     4 |     6 ||    10
       Potion            |     1 |     2 ||     3
  Eat: Ration            |       |     1 ||     1
Armor: Scale mail        |    39 |     6 ||    45
Dodge: Dodged            |    31 |     7 ||    38
Block: Shield            |    36 |     3 ||    39
